 Dungeon Crawl Stone Soup version 0.27-a0-836-gfc908b8576 (webtiles) character file.

Game seed: 3376502932518793174

102 leviel the Skirmisher (level 4, 0/30 HPs)
             Began as a Gargoyle Fighter on Mar 31, 2021.
             Was a Believer of Zin.
             Slain by a gnoll
             ... wielding a +0 halberd
              (10 damage)
             ... on level 3 of the Dungeon.
             The game lasted 00:02:55 (2508 turns).

leviel the Skirmisher (Gargoyle Fighter)            Turns: 2508, Time: 00:02:56

Health: 0/30       AC: 10    Str: 21    XL:     4   Next: 77%
Magic:  4/4        EV: 11    Int:  8    God:    Zin [**....]
Gold:   73         SH:  9    Dex:  9    Spells: 3/3 levels left

rFire    . . .     SeeInvis .   a - +0 flail
rCold    . . .     Faith    .   c - +0 kite shield
rNeg     + . .     Spirit   .   b - +0 scale mail
rPois    ∞         Reflect  .   (no helmet)
rElec    +         Harm     .   (no cloak)
rCorr    .         Rampage  .   (no gloves)
Will     .....                  (no boots)
Stlth    ..........             (no amulet)
HPRegen  0.10/turn              f - +4 ring of evasion
MPRegen  0.09/turn              (no ring)

@: mighty
A: AC +3, negative energy resistance 1, electricity resistance, torment
resistance 1, unbreathing 1, petrification resistance
a: Renounce Religion, Recite, Vitalisation, Donate Gold


You were on level 3 of the Dungeon.
You worshipped Zin.
Zin was pleased with you.
You visited 1 branch of the dungeon, and saw 3 of its levels.

You collected 164 gold pieces.
You donated 91 gold pieces to Zin.

Inventory:

Hand Weapons
 a - a +0 flail (weapon)
Armour
 b - a +0 scale mail (worn)
 c - a +0 kite shield (worn)
Jewellery
 f - a +4 ring of evasion (left hand)
Wands
 r - a wand of flame (26)
Scrolls
 i - a scroll of teleportation {unknown}
 j - 2 scrolls of acquirement {unknown}
 k - 2 scrolls of blinking {unknown}
 n - a scroll of enchant armour {unknown}
 o - 3 scrolls of brand weapon {unknown}
 p - 2 scrolls of immolation {unknown}
Potions
 e - a potion of degeneration {unknown}
 g - a potion of lignification {unknown}
 h - 2 potions of mutation {unknown}
 l - 2 potions of berserk rage {unknown}
 m - a potion of ambrosia {unknown}
 q - a potion of curing {unknown}


   Skills:
 + Level 4.8 Fighting
 + Level 3.4 Maces & Flails
 - Level 3.3 Armour
 - Level 3.3 Shields


You had 3 spell levels left.
You didn't know any spells.
Your spell library contained the following spells:

 Spells                   Type           Power      Damage    Failure   Level
 Confusing Touch          Hex            0%         N/A       100%        3
 Gell's Gravitas          Tloc           0%         N/A       100%        3
 Petrify                  Tmut/Erth      0%         N/A       100%        4
 Metabolic Englaciation   Hex/Ice        0%         N/A       100%        5
 Yara's Violent Unravell  Hex/Tmut       0%         3d3       100%        5


Dungeon Overview and Level Annotations

Branches:
Dungeon (3/15)

Altars:
Zin


Innate Abilities, Weirdness & Mutations

Your stone body is resilient. (AC +3)
You are immune to poison.
You resist negative energy. (rN+)
You are resistant to electric shocks. (rElec)
You are resistant to unholy torment.
You can survive without breathing.
You are immune to petrification.


Message History

The gnoll is lightly wounded.
You hit the gnoll.
The gnoll is moderately wounded.
The gnoll barely misses you.
You hit the gnoll.
The gnoll is severely wounded.
You block the gnoll's attack.
There are monsters nearby!
You completely miss the gnoll.
The gnoll is severely wounded.
The gnoll hits you with a +0 flail. The gnoll barely misses you.
You hit the gnoll but do no damage.
The gnoll is severely wounded.
The gnoll hits you with a +0 flail.
You barely miss the gnoll.
The gnoll is severely wounded.
You block the gnoll's attack. The gnoll completely misses you.
You thump the gnoll!
You kill the gnoll!
The gnoll barely misses you.
You closely miss the gnoll. The gnoll closely misses you.
The gnoll barely misses you. x2
You barely miss the gnoll. The gnoll barely misses you.
The gnoll hits you from afar with a +0 halberd!
The gnoll misses you.
You are too injured to fight recklessly!
You are too injured to fight recklessly!
You are too injured to fight recklessly!
You feel very mighty all of a sudden. You block the gnoll's attack.
The gnoll hits you with a +0 club.
Your shield and scale mail prevent you from hitting the gnoll.
The gnoll hits you from afar with a +0 halberd.
The gnoll hits you but does no damage.
You closely miss the gnoll. The gnoll hits you but does no damage.
You block the gnoll's attack. The gnoll barely misses you.
The gnoll closely misses you.
You sock the gnoll!
The gnoll is almost dead.
The gnoll hits you from afar with a +0 halberd!
You die...

############
#..........#
#.########.#
#.# #.# #.#
######.# #@#
#......#
#g###.###..###
#g#.........<#
#g#.#.########
..# #........#
#.# ########.#
### #...# #.#
#.#.# #.#
#.#.# #.#


You could see 3 gnolls.

Vanquished Creatures
  3 adders
  A gnoll (D:3)
  4 dart slugs
  8 endoplasms
  3 giant cockroaches
  2 goblins
  5 hobgoblins
  5 kobolds
  3 quokkas
  3 ball pythons
  3 bats
  7 frilled lizards
  13 rats
60 creatures vanquished.

Notes
Turn   | Place    | Note
-------+----------+-------------------------------------------
     0 | D:1      | leviel the Gargoyle Fighter began the quest for the Orb.
     0 | D:1      | Reached XP level 1. HP: 14/14 MP: 1/1
   226 | D:1      | Reached XP level 2. HP: 13/20 MP: 2/2
   509 | D:1      | Reached skill level 4 in Fighting
   519 | D:1      | Reached XP level 3. HP: 20/24 MP: 3/3
  1488 | D:2      | Found a glowing silver altar of Zin.
  1567 | D:2      | Became a worshipper of Zin the Law-Giver
  1567 | D:2      | Reached * piety under Zin
  1612 | D:2      | Reached XP level 4. HP: 30/30 MP: 4/4
  2482 | D:3      | Donated 75 gold pieces to Zin
  2482 | D:3      | Reached ** piety under Zin
  2508 | D:3      | Slain by a gnoll

Illustrated notes

Levels and vault maps discovered:
D:1:      scummos_arrival_gate, layout_basic
D:2:      layout_basic, nicolae_overflow_crystal_walls
D:3:      layout_basic, minitemple, serial_shops, nicolae_shop_window_shopping,
          kennysheep_small_spiral, uniq_ijyb

Skill      XL: |  1  2  3 |
---------------+----------+-----
Fighting       | 4 |  4.8
Maces & Flails | 3 |  3.4
Armour         | |  3.3
Shields        | |  3.3

Action                   |  1- 3 |  4- 6 || total
-------------------------+-------+-------++-------
Melee: Flail             |   126 |    65 ||   191
Invok: Donate Gold       |       |     1 ||     1
  Use: Potion            |       |     1 ||     1
Armor: Scale mail        |    56 |    31 ||    87
Dodge: Dodged            |    60 |    60 ||   120
Block: Kite shield       |    81 |    37 ||   118

Table legend: (Time is in decaauts)
 A = Elapsed time spent in this place.
 B = Non-inter-level travel time spent in this place.
 C = Inter-level travel time spent in this place.
 D = Time resting spent in this place.
 E = Time spent auto-exploring this place.
 F = Levels seen in this place.
 G = Mean time per level.
                   A        B        C        D        E       F      G
               +--------+--------+--------+--------+--------+-----+--------+
         Total |   2601 |   2561 |     40 |    378 |   1754 |   3 |  867.0 |
       Dungeon |   2601 |   2561 |     40 |    378 |   1754 |   3 |  867.0 |
               +--------+--------+--------+--------+--------+-----+--------+

Top non-repeatable levels by time:
     D:2: 1306 daAuts
     D:1: 1025 daAuts
     D:3: 269 daAuts
